 Dungeon Crawl Stone Soup version 0.25.0-9-g26727b657a (webtiles) character file.

Game seed: 4493338728997310872

254 mopl the Firebug (level 6, -2/49 HPs)
             Began as a Naga Fire Elementalist on June 18, 2020.
             Slain by an orc
             ... wielding a cursed -1 flail
              (12 damage)
             ... on level 3 of the Dungeon.
             The game lasted 00:05:56 (3266 turns).

mopl the Firebug (Naga Fire Elementalist)           Turns: 3266, Time: 00:05:56

Health: -2/49      AC:  7    Str: 10    XL:     6   Next: 15%
Magic:  0/10       EV:  8    Int: 18    God:
Gold:   176        SH:  0    Dex: 11    Spells: 6/11 levels left

rFire    . . .     SeeInvis +   j - +3 dagger
rCold    . . .     Gourm    .   (no shield)
rNeg     . . .     Faith    .   a - +0 robe
rPois    +         Spirit   .   (no helmet)
rElec    .         Reflect  .   (no cloak)
rCorr    .         Harm     .   (no gloves)
MR       .....                  m - +0 naga barding (curse)
Stlth    ++........             (no amulet)
HPRegen  0.16/turn              (no ring)
MPRegen  0.12/turn              (no ring)

@: short of breath, very slow
A: large, see invisible, deformed body, poison resistance, slowness 2, slow
metabolism 1, spit poison 1, AC +2
a: Spit Poison


You were on level 3 of the Dungeon.
You were not hungry.

You visited 1 branch of the dungeon, and saw 3 of its levels.

You collected 176 gold pieces.

Inventory:

Hand Weapons
 j - a +3 dagger (weapon)
Missiles
 r - 3 boomerangs (quivered)
Armour
 a - a +0 robe (worn)
 m - a cursed +0 naga barding (worn)
Jewellery
 p - an uncursed amulet of faith
Scrolls
 b - a scroll of amnesia {unknown}
 f - a scroll of teleportation {unknown}
 g - 4 scrolls of fear {unknown}
 h - a scroll of fog {unknown}
 i - 4 scrolls of identify {unknown}
 q - a scroll of immolation {unknown}
 t - a scroll of remove curse {unknown}
Potions
 d - 2 potions of degeneration {unknown}
 e - 2 potions of stabbing {unknown}
 l - 2 potions of brilliance {unknown}
 n - a potion of curing {unknown}
 o - a potion of haste {unknown}
 s - a potion of lignification {unknown}
Comestibles
 c - 6 rations
 k - 4 chunks of flesh


   Skills:
 - Level 1.5 Dodging
 - Level 3.0 Stealth
 + Level 3.2 Spellcasting
 * Level 3.6 Conjurations
 * Level 4.7 Fire Magic


You had 6 spell levels left.
You knew the following spells:

 Your Spells              Type           Power        Failure   Level  Hunger
a - Foxfire               Conj/Fire      ###.         2%          1    None
d - Sticky Flame          Conj/Fire      ###.....     28%         4    ####...

Your spell library contained the following spells:

 Spells                   Type           Power        Failure   Level  Hunger
 Conjure Flame            Conj/Fire      ###.....     9%          3    ###....
 Inner Flame              Hex/Fire       ##......     19%         3    ###....
 Fireball                 Conj/Fire      ###.......   61%         5    ######.


Dungeon Overview and Level Annotations

Branches:
Dungeon (3/15)

Altars:


Innate Abilities, Weirdness & Mutations

You cannot wear boots.
Your serpentine skin is tough. (AC +2)
You have supernaturally acute eyesight. (SInv)
Armour fits poorly on your strangely shaped body.
Your system is resistant to poisons. (rPois)
You cover ground very slowly.
You have a slow metabolism.
You can spit poison.


Message History

You conjure some foxfire!
You have got your breath back.
The orc barely misses you.
The foxfire hits the orc priest.
The orc priest is moderately wounded.
The foxfire hits the orc but does no damage.
The orc is moderately wounded.
The orc hits you but does no damage.
Press: ? - help, Shift-Dir - straight line, f/p - orc priest
Aim: an orc priest, wielding a +0 short sword (moderately wounded)
The splash of poison hits the orc priest!
The orc priest is poisoned.
The orc priest is severely wounded.
You feel slightly more hungry.
The orc priest mumbles some strange prayers to Beogh against you.
You struggle to resist.
The orc priest calls upon Beogh to heal the orc.
The orc's wounds heal themselves!
The orc wizard shouts!
The orc hits you with a cursed -1 flail!
You die...

##### ####### ### #...#
#.....#..$ #...#
#.....#.# #######...#
#........
..#.......###.....#
#.##.##.........@.#
.....##........o..# #
#.#####......÷..o.#.##.#
......................>#
#.##.............#######
#.##.##.#####..........
#.##. #.# #÷)........
#.## #.# #.[o....... #.#
#..........


You could see an orc priest (poisoned), an orc wizard and an orc.

Vanquished Creatures
  An orc wizard (D:3)
  A worker ant (D:3)
  4 gnolls (D:3)
  7 adders
  A worm (D:3)
  3 dart slugs
  3 leopard geckos
  7 orcs
  6 bats
  3 giant cockroaches (D:1)
  10 hobgoblins
  2 jackals (D:1)
  2 ball pythons (D:1)
  2 frilled lizards
  8 goblins
  6 kobolds
  7 rats
73 creatures vanquished.

Vanquished Creatures (others)
  An orc wizard (D:3)
  133 foxfires
134 creatures vanquished.

Grand Total: 207 creatures vanquished

Notes
Turn   | Place    | Note
-------+----------+-------------------------------------------
     0 | D:1      | mopl the Naga Fire Elementalist began the quest for the
                  | Orb.
     0 | D:1      | Reached XP level 1. HP: 15/15 MP: 3/3
   102 | D:1      | Reached XP level 2. HP: 13/22 MP: 3/5
   859 | D:1      | Reached XP level 3. HP: 7/28 MP: 0/6
  1832 | D:2      | Reached XP level 4. HP: 29/36 MP: 8/8
  1962 | D:2      | Learned a level 4 spell: Sticky Flame
  2583 | D:2      | Reached skill level 4 in Fire Magic
  2657 | D:3      | Reached XP level 5. HP: 39/42 MP: 5/9
  3244 | D:3      | Reached XP level 6. HP: 44/49 MP: 5/10
  3266 | D:3      | Slain by an orc

Illustrated notes

Levels and vault maps discovered:
D:1:      dpeg_arrival_fog, layout_basic, minmay_tetromino_t4
D:2:      layout_loops_ring, guppyfry_early_orc_mine
D:3:      layout_basic, first_ration, uniq_grinder

Skill      XL: |  1  2  3  4  5 |
---------------+----------------+-----
Conjurations   | 2 3 |  3.6
Fire Magic     | 4 |  4.7
Spellcasting   | 3 |  3.2
Dodging        | |  1.5
Stealth        | |  3.0

Action                   |  1- 3 |  4- 6 || total
-------------------------+-------+-------++-------
Melee: Unarmed           |    25 |       ||    25
       Dagger            |    10 |    54 ||    64
 Cast: Foxfire           |    31 |    49 ||    80
 Abil: Spit Poison       |    10 |    17 ||    27
 Stab: Sleeping          |     1 |     1 ||     2
  Eat: Chunk             |     2 |     5 ||     7
Armor: Robe              |    13 |    27 ||    40
Dodge: Dodged            |    45 |    48 ||    93
